 Dungeon Crawl Stone Soup version 0.18.1-48-g4cf74bf (webtiles) character file.

2884 dvd the Shield-Bearer (level 9, -2/55 HPs)
             Began as a Gargoyle Fighter on July 1, 2016.
             Was a Priest of Okawaru.
             Slain by an orc warrior
             ... wielding a cursed +0 glaive
              (9 damage)
             ... on level 7 of the Dungeon.
             The game lasted 00:22:36 (8392 turns).

dvd the Shield-Bearer (Gargoyle Fighter)            Turns: 8392, Time: 00:22:38

Health: -2/55      AC: 16    Str: 21    XL:     9   Next: 77%
Magic:  18/18      EV: 11    Int:  9    God:    Okawaru [***...]
Gold:   317        SH: 17    Dex: 11    Spells: 0 memorised, 8 levels left

rFire  . . .     SeeInvis .     a - +0 flail (holy)
rCold  + . .     Gourm    .     N - +0 ring mail "Yrhomuz" {MP+9} (curse)
rNeg   + . .     Faith    .     c - +1 shield
rPois  ∞         Spirit   .     H - +0 helmet
rElec  +         Dismiss  .     u - +0 cloak
rCorr  .         Reflect  +     C - +1 pair of gloves
SustAt +         Harm     .     (no boots)
MR     .....                    M - +5 amulet of reflection
Stlth  +.........               L - ring of protection from cold
                                A - ring of sustain attributes

@: not resistant to hostile enchantments, very unstealthy
A: negative energy resistance 1, electricity resistance, unbreathing,
petrification resistance, rot immunity, AC +5
a: Heroism, Renounce Religion


You were on level 7 of the Dungeon.
You worshipped Okawaru.
Okawaru was most pleased with you.
You were hungry.

You visited 1 branch of the dungeon, and saw 7 of its levels.

You collected 317 gold pieces.

Inventory:

Hand Weapons
 a - a +0 flail of holy wrath (weapon)
 b - a +0 hunting sling
 j - a +2 scythe of venom
 t - a +1 flail
 v - a +2 quarterstaff of chaos
Missiles
 r - 31 sling bullets
 w - 73 stones (quivered)
Armour
 c - a +1 shield (worn)
 o - a +0 chain mail
 p - a +0 scale mail
 u - a +0 cloak (worn)
 C - a +1 pair of gloves (worn)
 H - a +0 helmet (worn)
 N - the cursed +0 ring mail "Yrhomuz" (worn) {MP+9}
   (You found it on level 6 of the Dungeon)

   It affects your magic capacity (+9).
   It has a curse placed upon it.
Jewellery
 A - a ring of sustain attributes (left hand)
 I - an uncursed ring of fire
 L - a ring of protection from cold (right hand)
 M - a +5 amulet of reflection (around neck)
Wands
 i - a wand of polymorph (5/24)
 k - a wand of digging (5/24)
 s - a wand of polymorph (8/24)
 y - a wand of lightning (8/15)
 B - a wand of flame (35/48)
 F - a wand of teleportation (4/9)
Scrolls
 e - a scroll of fog
 h - 3 scrolls of fear
 x - a scroll of blinking
 z - 2 scrolls of teleportation
 D - 3 scrolls of identify
 E - a scroll of enchant weapon
 K - 2 scrolls of remove curse
Potions
 l - 2 potions of cure mutation
 n - a potion of invisibility
 G - a potion of mutation {unknown}
Comestibles
 d - 5 fruits
 f - 16 bread rations
 g - 4 meat rations
 q - a beef jerky
 J - 2 chunks of flesh


   Skills:
 + Level 5.9 Fighting
 + Level 5.5 Maces & Flails
 + Level 3.1 Slings
 + Level 6.4 Armour
 + Level 5.3 Dodging
 + Level 0.8 Stealth
 + Level 7.7 Shields
 + Level 0.2 Unarmed Combat
 + Level 0.7 Invocations
 + Level 0.1 Evocations


You had 8 spell levels left.
You didn't know any spells.

Dungeon Overview and Level Annotations

Branches:
Dungeon (7/15)             Temple (0/1) D:4

Altars:
Kikubaaqudgha
Nemelex Xobeh
Okawaru
Pakellas
Ru
Sif Muna
Trog
Yredelemnul


Innate Abilities, Weirdness & Mutations

You are resistant to torment.
Your stone body is resilient (AC +5).
You are immune to poison.
You resist negative energy.
You are resistant to electric shocks.
You can survive without breathing.
You are immune to petrification.
You are immune to rotting.


Message History

You block the orc warrior's attack.
You sock the orc warrior!
The orc warrior is heavily wounded.
You block the orc warrior's attack.
Drink which item? (? for menu, Esc to quit)
You feel better. You block the orc warrior's attack.
The orc priest mumbles some strange prayers to Beogh against you.
Beogh smites you!
* * * LOW HITPOINT WARNING * * *
You closely miss the orc warrior.
The orc warrior is heavily wounded.
You block the orc warrior's attack.
The orc priest looks braver for a moment.
You hit the orc warrior but do no damage.
The orc warrior is heavily wounded.
The orc priest invokes the aid of Beogh against you.
Beogh smites you!
* * * LOW HITPOINT WARNING * * *
The orc warrior hits you with a glaive!
You die...

#.........##
#..........#
#......(...##
#...........##
#............#
#........<...#
###.............
######...............
#.oo@..#.............
.....o#####.............
...## ##............ .
#............
#............
##..........#
#.........# ......#.#
......#.#


You could see an orc warrior, an orc priest and an orc.

Vanquished Creatures
  The ghost of Krapule the Skirmisher, a novice MiFi of Gozag (D:6)
  The ghost of Krapule the Ruffian, a novice VSMo (D:5)
  A spriggan (D:7)
  Sigmund (D:3)
  A wyvern (D:6)
  Edmund (D:4)
  A water moccasin (D:6)
  An ice beast (D:6)
  An ogre (D:4)
  A centaur (D:5)
  A giant frog (D:6)
  A wyvern zombie (D:7)
  2 scorpions (D:4)
  3 killer bees (D:5)
  2 crimson imps
  3 orc priests
  A giant frog skeleton (D:5)
  A giant frog zombie (D:6)
  Crazy Yiuf (D:2)
  2 hounds (D:6)
  8 orc wizards
  Jessica (D:3)
  An iguana (D:7)
  5 worker ants
  A hound zombie (D:5)
  A hound skeleton (D:5)
  A worker ant zombie (D:6)
  A howler monkey zombie (D:6)
  5 adders
  2 shadow imps (D:6)
  3 oozes
  An adder skeleton (D:4)
  3 worms
  4 dart slugs
  5 giant geckos
  17 orcs
  A ball python (D:6)
  5 giant cockroaches
  7 goblins
  5 hobgoblins
  6 jackals
  3 quokkas
  6 bats
  A giant gecko zombie (D:5)
  8 giant newts
  11 kobolds
  A quokka zombie (D:6)
  5 rats
145 creatures vanquished.

Notes
Turn   | Place    | Note
--------------------------------------------------------------
     0 | D:1      | dvd the Gargoyle Fighter began the quest for the Orb.
     0 | D:1      | Reached XP level 1. HP: 14/14 MP: 1/1
    94 | D:1      | Reached XP level 2. HP: 19/19 MP: 2/2
   628 | D:2      | Reached skill level 4 in Shields
   628 | D:2      | Reached XP level 3. HP: 23/23 MP: 3/3
  1053 | D:2      | Found a bloodstained altar of Trog.
  1061 | D:2      | Found an oddly glowing altar of Pakellas.
  1066 | D:2      | Found an iron altar of Okawaru.
  1104 | D:2      | Became a worshipper of Warmaster Okawaru
  1220 | D:2      | Reached XP level 4. HP: 28/28 MP: 4/4
  1233 | D:2      | Reached skill level 1 in Dodging
  1365 | D:2      | Noticed Crazy Yiuf
  1370 | D:2      | Killed Crazy Yiuf
  1595 | D:3      | Noticed Sigmund
  2375 | D:3      | Killed Sigmund
  2375 | D:3      | Reached * piety under Okawaru
  2375 | D:3      | Reached skill level 5 in Shields
  2375 | D:3      | Reached XP level 5. HP: 21/33 MP: 5/5
  2375 | D:3      | Reached XP level 6. HP: 24/38 MP: 6/6
  2516 | D:3      | Noticed Jessica
  2522 | D:3      | Killed Jessica
  2522 | D:3      | Reached skill level 1 in Slings
  2529 | D:3      | Found a deep blue altar of Sif Muna.
  2793 | D:4      | Noticed Edmund
  2823 | D:4      | Killed Edmund
  3144 | D:4      | Reached ** piety under Okawaru
  3144 | D:4      | Reached XP level 7. HP: 30/43 MP: 7/7
  3541 | D:4      | Gained mutation: You have sharp toenails. [potion of beneficial mutation]
  3596 | D:4      | Found a staircase to the Ecumenical Temple.
  3637 | D:4      | Found a sacrificial altar of Ru.
  3801 | D:4      | Lost mutation: You have sharp toenails. [potion of cure mutation]
  3940 | D:5      | Entered Level 5 of the Dungeon
  3950 | D:5      | Noticed Krapule's ghost (novice VSMo)
  4409 | D:4      | Found a sparkling altar of Nemelex Xobeh.
  4409 | D:4      | Found an ancient bone altar of Kikubaaqudgha.
  4577 | D:4      | Reached XP level 8. HP: 28/48 MP: 8/8
  4815 | D:5      | Killed Krapule's ghost
  4815 | D:5      | Reached skill level 5 in Armour
  4815 | D:5      | Reached skill level 6 in Shields
  5401 | D:5      | Reached *** piety under Okawaru
  6124 | D:6      | Noticed Krapule's ghost (novice MiFi)
  6480 | D:6      | Reached skill level 5 in Fighting
  6498 | D:6      | Noticed a wyvern
  6511 | D:6      | Killed a wyvern
  6511 | D:6      | Reached skill level 7 in Shields
  6511 | D:6      | Reached XP level 9. HP: 22/54 MP: 9/9
  7247 | D:6      | Got an encrusted ring mail
  7258 | D:6      | Identified the cursed +0 ring mail "Yrhomuz" {MP+9} (You found it on level 6 of the Dungeon)
  7364 | D:6      | Found a basalt altar of Yredelemnul.
  7796 | D:6      | Killed Krapule's ghost
  7796 | D:6      | Reached skill level 5 in Maces & Flails
  7796 | D:6      | Reached skill level 5 in Dodging
  8392 | D:7      | Slain by an orc warrior

Skill      XL: |  1  2  3  4  5  6  7  8  9 |
---------------+----------------------------+-----
Shields        | 4 5 7 |  7.7
Dodging        | 2 3 4 5 |  5.3
Fighting       | 4 5 |  5.9
Armour         | 4 6 |  6.4
Slings         | 1 2 3 |  3.1
Maces & Flails | 3 4 5 |  5.5
Stealth        | |  0.8
Unarmed Combat | |  0.2
Invocations    | |  0.7
Evocations     | |  0.1

Action                   |  1- 3 |  4- 6 |  7- 9 || total
-------------------------+-------+-------+-------++-------
Melee: Flail             |   164 |    98 |   564 ||   826
       Unarmed           |       |     4 |       ||     4
       Kick              |       |       |    15 ||    15
 Fire: Hunting sling     |       |    30 |    19 ||    49
Throw: Stone             |       |       |     1 ||     1
Invok: Heroism           |       |     2 |    10 ||    12
Evoke: Wand              |       |     3 |       ||     3
  Use: Scroll            |       |     7 |     7 ||    14
       Potion            |       |     1 |    10 ||    11
  Eat: Chunk             |     1 |     5 |    17 ||    23
       Beef jerky        |       |     1 |     1 ||     2
Armor: Scale mail        |    96 |    43 |   203 ||   342
       Skin              |       |    11 |       ||    11
       Ring mail         |       |       |    51 ||    51
Dodge: Dodged            |    63 |    18 |   207 ||   288
Block: Shield            |    91 |    43 |   381 ||   515
       Reflection        |       |       |     1 ||     1
